 Dungeon Crawl Stone Soup version 0.29.1-1-gd02db6906a (webtiles) character file.

Game seed: 9267373995992669507

2143 Sobieck the Cleaver (level 9, -2/67 HPs)
             Began as a Palentonga Abyssal Knight on Sept 29, 2022.
             Was an Elder of Lugonu.
             Slain by a steam dragon (7 damage)
             ... on level 6 of the Dungeon.
             The game lasted 00:10:08 (6962 turns).

Sobieck the Cleaver (Palentonga Abyssal Knight)     Turns: 6962, Time: 00:10:09

Health: -2/67      AC: 26    Str: 24    XL:     9   Next: 9%
Magic:  14/14      EV:  3    Int: 12    God:    Lugonu [****..]
Gold:   300        SH:  0    Dex: 10    Spells: 8/8 levels left

rFire   . . .      SeeInvis +   a - +0 war axe {axe}
rCold   . . .      Faith    .   V - +0 buckler
rNeg    . . .      Spirit   .   r - +1 chain mail
rPois   .          Reflect  .   (no helmet)
rElec   +          Harm     .   (no cloak)
rCorr   .          Rampage  .   (no gloves)
Will    .....                   z - +3 barding of Xinuqas {rElec Int+2}
Stlth   ..........              (no amulet)
HPRegen 0.21/turn               s - +4 ring of protection
MPRegen 0.14/turn               (no ring)

@: confused, ambrosia-drunk, curled up
A: large, rugged brown scales 3, see invisible, deformed body, roll 1, armoured
tail, reflexive curl
a: Rolling Charge, Renounce Religion, Depart the Abyss, Bend Space, Banish,
Corrupt


You were on level 6 of the Dungeon.
You worshipped Lugonu.
Lugonu was greatly pleased with you.
You visited 1 branch of the dungeon, and saw 6 of its levels.
You visited the Abyss 1 time.

You collected 300 gold pieces.


Innate Abilities, Weirdness & Mutations

You are completely covered in rugged brown scales. (AC +3, +7% HP)
You have supernaturally acute eyesight. (SInv)
Armour fits poorly on your strangely shaped body.
You can roll at nearby foes to attack.
You have a long armoured tail.
You curl defensively after being hit. (AC +7*)


   Skills:
 - Level 3.0 Fighting
 * Level 10.1 Axes
 - Level 1.5 Armour
 - Level 0.7 Dodging
 + Level 7.8 Invocations


You had 8 spell levels left.
You didn't know any spells.
Your spell library was empty.

Inventory:

Hand Weapons
 a - a +0 war axe (weapon) {axe}
   (You took it off an orc on level 4 of the Dungeon)
 i - a +0 mace of holy wrath {mace}
   (You took it off an orc on level 4 of the Dungeon)
 o - a +1 short sword of draining {short}
   (You took it off a kobold on level 1 of the Dungeon)
 x - a +0 flail {mace}
   (You took it off an orc on level 4 of the Dungeon)
 D - a +1 dagger of freezing {short}
   (You took it off an orc wizard on level 4 of the Dungeon)
 J - a +1 hand axe {axe}
 K - a +2 antimagic flail {mace}
   (You took it off an orc on level 5 of the Dungeon)
 T - a +1 spear of flaming {polearm}
   (You took it off a gnoll sergeant on level 5 of the Dungeon)
 X - a +2 flail of draining {mace}
   (You took it off an orc on level 5 of the Dungeon)
Missiles
 e - 54 stones {throwing}
 B - 8 poisoned darts {throwing}
 Y - 2 boomerangs {throwing}
Armour
 b - a +0 leather armour
 g - a +0 ring mail
   (You took it off an orc priest on level 4 of the Dungeon)
 l - a +0 chain mail
   (You took it off an orc on level 4 of the Dungeon)
 r - a +1 chain mail (worn)
   (You found it on level 2 of the Dungeon)
 t - a +0 ring mail
   (You took it off an orc on level 4 of the Dungeon)
 y - a +0 leather armour
   (You took it off an orc priest on level 4 of the Dungeon)
 z - the +3 barding of Xinuqas (worn) {rElec Int+2}
   (You acquired it on level 4 of the Dungeon)

   Int:       It affects your intelligence (+2).
   rElec:     It insulates you from electricity.
 A - a +0 robe
   (You took it off an orc wizard on level 4 of the Dungeon)
 E - a +0 leather armour
   (You found it on level 4 of the Dungeon)
 G - a +0 leather armour
   (You found it on level 4 of the Dungeon)
 H - a +0 robe
   (You took it off an orc wizard on level 4 of the Dungeon)
 I - a +0 leather armour
   (You took it off an orc on level 4 of the Dungeon)
 L - a +0 ring mail
   (You took it off an orc on level 5 of the Dungeon)
 N - a +0 robe
   (You found it on level 5 of the Dungeon)
 O - a +0 robe
   (You found it on level 5 of the Dungeon)
 P - a +0 robe
   (You took it off an orc wizard on level 5 of the Dungeon)
 Q - a +0 leather armour
   (You took it off an orc on level 5 of the Dungeon)
 R - a +0 leather armour
   (You took it off an orc on level 5 of the Dungeon)
 S - a +0 ring mail
   (You found it on level 5 of the Dungeon)
 U - a +0 scale mail
   (You took it off a gnoll sergeant on level 5 of the Dungeon)
 V - a +0 buckler (worn)
   (You took it off a gnoll sergeant on level 5 of the Dungeon)
 Z - a +0 scale mail
   (You took it off an orc on level 5 of the Dungeon)
Jewellery
 s - a +4 ring of protection (left hand)
   (You found it on level 2 of the Dungeon)
Wands
 w - a wand of iceblast (6)
   (You took it off an orc on level 4 of the Dungeon)
 F - a wand of charming (10)
   (You found it on level 4 of the Dungeon)
 M - a wand of quicksilver (12)
   (You found it on level 5 of the Dungeon)
Scrolls
 k - 3 scrolls of teleportation {@r4}
Potions
 c - 2 potions of degeneration {!q@e2}
 d - a potion of flight {unknown}
 f - a potion of ambrosia
 h - a potion of resistance {unknown}
 j - 2 potions of curing {@q1}
 m - a potion of mutation {unknown}
 n - a potion of berserk rage {unknown}
 p - 3 potions of lignification {!q}
 q - a potion of brilliance {unknown}
 u - a potion of attraction {unknown}
 v - a potion of invisibility
 C - a potion of cancellation {unknown}
 W - a potion of might {unknown}

Dungeon Overview and Level Annotations

Branches:
Dungeon (6/15) Zot: 26792  Temple (0/1) D:4

Altars:
Vehumet

Annotations:
D:3 1 runed translucent door, Smersh616's ghost, amateur OpFE
D:6 Prince Ribbit

. #. .....## ....
..........#
....#.#.......#
#.............
.###....#.#.#.#
........#.....##
................#
........5§D@....#
.........§.§...##
.........F§....#
........).§...###
#..#...........#
#..##......#..##
###....$.#.§#######
.........###....#.#
.........##.......##


You could see Prince Ribbit, a steam dragon (catching breath) and a shadow imp.


Message History

You roll forward with a clatter of scales!
You slash the centaur!
Prince Ribbit catches a mosquito with his tongue.
The centaur unwields a +0 shortbow.
The centaur hits you. You block the centaur's attack.
A shadow imp comes into view.
Prince Ribbit hits you but does no damage.
You block the centaur's attack.
The centaur kicks you but does no damage.
You barely miss the centaur. You miss Prince Ribbit.
Prince Ribbit hits you but does no damage.
The centaur hits you but does no damage.
The centaur kicks you but does no damage.
You barely miss the centaur. You miss Prince Ribbit. Prince Ribbit hits you!
The centaur hits you but does no damage.
The centaur kicks you but does no damage.
A steam dragon comes into view.
Prince Ribbit completely misses you.
The centaur hits you but does no damage.
The centaur kicks you but does no damage.
The steam dragon hisses angrily.
You hit the centaur. You hit Prince Ribbit.
The centaur hits you but does no damage.
The centaur kicks you but does no damage.
Prince Ribbit blinks!
You slash the centaur!
You kill the centaur!
Lugonu accepts your kill. The steam dragon breathes steam at you.
The ball of steam hits the shadow imp!!
The shadow imp dies!
The ball of steam hits you.
You hear a shout!
There's nothing you can charge at!
Unknown command.
You slash Prince Ribbit!
Prince Ribbit hits you but does no damage.
Unknown command.
Unknown command.
You roll forward with a clatter of scales!
You closely miss the steam dragon.
You are engulfed in a cloud of scalding steam.
The steam dragon breathes steam at you. The ball of steam hits you!!
* * * LOW HITPOINT WARNING * * *
Unknown command.
Unknown command.
You barely miss the steam dragon. You tail-slap the steam dragon.
You miss Prince Ribbit.
You are engulfed in a cloud of scalding steam.
Prince Ribbit is engulfed in a cloud of scalding steam.
You block Prince Ribbit's attack. The steam dragon bites you.
* * * LOW HITPOINT WARNING * * *
The steam dragon claws you.
* * * LOW HITPOINT WARNING * * *
Unknown command.
You slash the steam dragon! You closely miss Prince Ribbit.
Prince Ribbit hits you.
* * * LOW HITPOINT WARNING * * *
A shadow imp comes into view.
You block the steam dragon's attack.
The steam dragon claws you but does no damage.
Unknown command.
You miss Prince Ribbit. You closely miss the steam dragon.
The shadow imp shouts!
Prince Ribbit blinks!
The steam dragon bites you.
* * * LOW HITPOINT WARNING * * *
The steam dragon claws you but does no damage.
Unknown command.
You hit the steam dragon.
Your tail-slap misses the steam dragon.
The steam dragon breathes steam at you. The ball of steam hits you!
* * * LOW HITPOINT WARNING * * *
Unknown command.
You closely miss the steam dragon.
You are engulfed in a cloud of scalding steam.
The steam dragon bites you.
* * * LOW HITPOINT WARNING * * *
The steam dragon claws you but does no damage.
Unknown command.
You closely miss the steam dragon. The steam dragon breathes steam at you.
The ball of steam hits you.
* * * LOW HITPOINT WARNING * * *
It was a potion of ambrosia.
You are confused.
You feel invigorated.
You are engulfed in a cloud of scalding steam.
Prince Ribbit hits you!
* * * LOW HITPOINT WARNING * * *
The steam dragon bites you but does no damage.
The steam dragon claws you but does no damage.
Prince Ribbit says, "You're just another fly to me."
Prince Ribbit hits you.
* * * LOW HITPOINT WARNING * * *
Unknown command.
Unknown command.
Unknown command.
The steam dragon bites you!
You die...

Skill      XL: |  1  2  3  4  5  6  7  8  9 |
---------------+----------------------------+-----
Axes           | 3 4 5 6 8 9 10 | 10.1
Invocations    | 3 4 5 6 7 |  7.8
Fighting       | |  3.0
Armour         | |  1.5
Dodging        | |  0.7

Action                   |  1- 3 |  4- 6 |  7- 9 || total
-------------------------+-------+-------+-------++-------
Melee: Hand axe          |   121 |   192 |       ||   313
       Tailslap          |    12 |    34 |    20 ||    66
       Punch             |       |     3 |     2 ||     5
       War axe           |       |    25 |   144 ||   169
Invok: Banish            |       |       |     1 ||     1
 Abil: Rolling Charge    |    34 |    29 |    12 ||    75
  Use: Scroll            |       |    11 |       ||    11
       Potion            |       |     3 |     3 ||     6
 Stab: Invisible         |       |       |     2 ||     2
Armor: Leather armour    |    24 |    13 |       ||    37
       Chain mail        |       |   140 |   145 ||   285
Dodge: Dodged            |    42 |    53 |    25 ||   120
Block: Buckler           |       |       |     8 ||     8

Levels and vault maps discovered:
D:1:      dpeg_arrival_round_b, layout_basic, ebering_ecumenical_altar_mist,
          amcnicky_mini_pool_small
D:2:      layout_loops_ring, basic_altar, kennysheep_generic_room_3
D:3:      layout_basic, ebering_ghost_sewer_d, chequers_arboretum,
          minmay_misc_feat_four_crosses, kennysheep_generic_room_6
D:4:      layout_loops_ring, minmay_temple_entry_fiery
D:5:      layout_rooms, enter_ossuary_5, serial_park_tiny_1, kennysheep_donut
D:6:      layout_cave_pools, kennysheep_mini_moat,
          hangedman_decor_clover_reticule, st_stairs_4,
          corexii_leaking_fountain, uniq_prince_ribbit1

Notes
Turn   | Place    | Note
-------+----------+-------------------------------------------
     0 | Abyss:1  | Sobieck the Palentonga Abyssal Knight began the quest for
                  | the Orb.
     0 | Abyss:1  | Reached XP level 1. HP: 19/19 MP: 2/2
     1 | D:1      | You pass through the gate.
     1 | D:1      | Escaped the Abyss
   175 | D:1      | Reached XP level 2. HP: 25/25 MP: 3/3
   643 | D:1      | Reached skill level 3 in Axes
   721 | D:1      | Reached *** piety under Lugonu
   887 | D:1      | Reached XP level 3. HP: 31/31 MP: 4/4
  1119 | D:1      | Found a faded altar of an unknown god.
  1624 | D:2      | Reached skill level 3 in Invocations
  1670 | D:2      | Reached XP level 4. HP: 31/37 MP: 6/6
  2030 | D:2      | Found a radiant altar of Vehumet.
  2121 | D:2      | Reached skill level 4 in Axes
  2945 | D:3      | Found a runed translucent door.
  2945 | D:3      | Noticed Smersh616's ghost (amateur OpFE)
  3438 | D:4      | Reached XP level 5. HP: 24/43 MP: 7/7
  3604 | D:4      | Reached **** piety under Lugonu
  3605 | D:4      | Reached skill level 5 in Axes
  3613 | D:4      | HP: 7/43 [iguana (6)]
  3615 | D:4      | Reached skill level 4 in Invocations
  4252 | D:4      | Reached XP level 6. HP: 23/50 MP: 9/9
  4825 | D:4      | Found a staircase to the Ecumenical Temple.
  4972 | D:4      | Identified a scroll of acquirement
  4972 | D:4      | Acquired the +3 barding of Xinuqas {rElec Int+2}
  4994 | D:5      | Entered Level 5 of the Dungeon
  5079 | D:4      | Reached skill level 6 in Axes
  5517 | D:5      | Reached skill level 5 in Invocations
  5517 | D:5      | Gained mutation: You curl defensively after being hit. (AC
                  | +7*) [Palentonga growth]
  5517 | D:5      | Reached XP level 7. HP: 55/55 MP: 10/10
  5631 | D:5      | HP: 11/55 [gnoll/+0 spear[a gnoll sergeant] (6)]
  5631 | D:5      | HP: 5/55 [gnoll/+0 whip[a gnoll sergeant] (6)]
  5638 | D:4      | HP: 5/55 [gnoll/+0 whip[a gnoll sergeant] (2)]
  5951 | D:5      | Noticed a yak
  5951 | D:5      | Noticed a yak
  5952 | D:5      | Noticed a yak
  5954 | D:5      | Noticed a yak
  5962 | D:5      | Killed a yak
  5963 | D:5      | Reached skill level 7 in Axes
  5968 | D:5      | Killed a yak
  5969 | D:5      | Reached skill level 6 in Invocations
  5983 | D:5      | Reached skill level 8 in Axes
  5983 | D:5      | Reached XP level 8. HP: 32/62 MP: 12/12
  5997 | D:5      | HP: 8/62 [yak (12)]
  6503 | D:5      | Reached skill level 9 in Axes
  6509 | D:5      | Reached skill level 7 in Invocations
  6761 | D:6      | Noticed a hornet
  6831 | D:5      | Reached ***** piety under Lugonu
  6831 | D:5      | Banished a hornet
  6832 | D:5      | Reached XP level 9. HP: 61/67 MP: 9/14
  6883 | D:6      | Reached skill level 10 in Axes
  6945 | D:6      | Noticed Prince Ribbit
  6957 | D:6      | HP: 16/67 [steam dragon (3)]
  6960 | D:6      | HP: 7/67 [steam dragon/ball of steam (2)]
  6961 | D:6      | HP: 3/67 [Prince Ribbit (9)]
  6961 | D:6      | HP: 1/67 [Prince Ribbit (2)]
  6962 | D:6      | Slain by a steam dragon

Vanquished Creatures
  4 yaks (D:5)
  A water moccasin (D:5)
  An ice beast (D:5)
  A centaur (D:6)
  A gnoll sergeant (D:5)
  4 scorpions
  2 necrophages
  5 orc priests
  2 hounds
  A gnoll bouda (D:5)
  2 iguanas (D:4)
  5 orc wizards
  7 gnolls
  6 adders
  2 ufetubi (D:5)
  2 worms (D:2)
  5 dart slugs
  16 orcs
  9 bats
  6 endoplasms
  4 giant cockroaches
  5 goblins
  8 hobgoblins
  4 jackals (D:4)
  9 kobolds
  6 quokkas
  2 ball pythons
  8 frilled lizards
  8 rats
136 creatures vanquished.

Vanquished Creatures (others)
  An orc wizard (D:5)
  A shadow imp (D:6)
2 creatures vanquished.

Grand Total: 138 creatures vanquished

Table legend:
 A = Non-vault XP
 B = Vault XP
 C = Vault XP percentage of total XP
 D = Non-vault monster count
 E = Vault monster count
 F = Vault count percentage of total count
                 A         B        C        D         E       F
            +---------+---------+-------+---------+---------+-------
      Total |    3059 |       3 |   0.1 |     135 |       2 |   1.5
            +---------+---------+-------+---------+---------+-------
        D:1 |      55 |       0 |   0.0 |      31 |       0 |   0.0
        D:2 |      88 |       0 |   0.0 |      26 |       0 |   0.0
        D:3 |      34 |       3 |   8.1 |       7 |       2 |  22.2
        D:4 |     499 |       0 |   0.0 |      33 |       0 |   0.0
        D:5 |    2109 |       0 |   0.0 |      33 |       0 |   0.0
        D:6 |     274 |       0 |   0.0 |       5 |       0 |   0.0
            +---------+---------+-------+---------+---------+-------

Illustrated notes

Table legend:
 A = Kills in this place as a percentage of kills in entire the game.
 B = Kills by you in this place as a percentage of kills by you in the entire game.
 C = Kills by friends in this place as a percentage of kills by friends in the entire game.
 D = Other kills in this place as a percentage of other kills in the entire game.
 E = Experience gained in this place as a percentage of experience gained in the entire game.
 F = Experience gained in this place divided by the number of levels of this place that you have seen.
                   A       B       C       D       E      F
               +-------+-------+-------+-------+-------+----------------------
         Total | 100.0 | 100.0 |   N/A | 100.0 | 100.0 | 437.4
       Dungeon | 100.0 | 100.0 |   N/A | 100.0 | 100.0 | 510.3
               +-------+-------+-------+-------+-------+----------------------

Table legend: (Time is in decaauts)
 A = Elapsed time spent in this place.
 B = Non-inter-level travel time spent in this place.
 C = Inter-level travel time spent in this place.
 D = Time resting spent in this place.
 E = Time spent auto-exploring this place.
 F = Levels seen in this place.
 G = Mean time per level.
                   A        B        C        D        E       F      G
               +--------+--------+--------+--------+--------+-----+--------+
         Total |   7013 |   6863 |    150 |   2056 |   3911 |   7 | 1001.9 |
       Dungeon |   7012 |   6862 |    150 |   2056 |   3911 |   6 | 1168.7 |
         Abyss |      1 |      1 |      0 |      0 |      0 |   1 |    1.0 |
               +--------+--------+--------+--------+--------+-----+--------+

Top non-repeatable levels by time:
     D:4: 2234 daAuts
     D:1: 1387 daAuts
     D:5: 1314 daAuts
     D:2: 1018 daAuts
     D:3: 948 daAuts
     D:6: 107 daAuts
 Abyss:1: 1 daAuts
